Map: Lost and Found LE

Players

MasterVasya

  • Race: Terran Terran
  • League: Master
  • Spawn Location: 1:00

MonkeySpazy - Winner!

  • Race: Zerg Zerg
  • League: Grandmaster
  • Spawn Location: 7:00

VOD

Have the link to the VOD?

Description

Credit to spazymazy!

Time

  • Played on: July 23, 2018, 11:08 a.m.
  • Length: 11:49
Show
View Real Time Build Order
Export as new Build Order

MasterVasya Terran 

Build Orders: Reaper Expand, MMM Bio 

Get SALT Encoding   

  12  0:00  SCV  
  13  0:12  SCV  
  14  0:17  Supply Depot  
  14  0:25  SCV  
  15  0:38  SCV  
  15  0:40  Refinery  
  16  0:42  Barracks  
  16  0:50  SCV  
  17  1:03  SCV  
  18  1:15  SCV  
  19  1:30  Orbital Command, Reaper  
  20  1:42  Command Center  
  20  1:56  SCV  
  20  2:01  Factory  
  21  2:07  Refinery  
  21  2:08  SCV  
  22  2:21  SCV  
  22  2:22  Supply Depot  
  23  2:24  Barracks Reactor  
  23  2:43  SCV  
  24  2:49  Starport  
  24  2:55  SCV  
  25  3:04  Orbital Command  
  25  3:06  Hellion x2  
  25  3:07  SCV  
  25  3:11  Barracks Tech Lab  
  31  3:20  SCV  
  31  3:27  Supply Depot, Hellion  
  31  3:28  Hellion  
  31  3:30  SCV  
  31  3:32  SCV  
  39  3:43  SCV  
  39  3:44  SCV  
  39  3:45  Barracks Tech Lab  
  41  3:55  SCV  
  46  3:58  Cyclone  
  46  3:59  Banshee  
  46  4:01  Cyclone  
  48  4:05  Marine  
  48  4:07  SCV  
  48  4:08  SCV  
  47  4:21  Supply Depot x2  
  47  4:40  Factory Reactor  
  47  4:42  SCV  
  47  4:45  SCV  
  49  4:52  Starport Tech Lab  
  49  4:53  Marine, Stimpack  
  49  4:54  SCV  
  49  4:58  Barracks x2  
  49  4:59  Barracks  
  51  5:00  SCV  
  52  5:08  SCV  
  53  5:18  Barracks  
  48  5:22  Starport Reactor  
  48  5:24  Cyclone  
  48  5:26  SCV  
  48  5:27  SCV  
  46  5:31  Supply Depot  
  46  5:32  Supply Depot  
  42  5:41  Orbital Command  
  41  5:43  Cyclone  
  41  5:44  Marine  
  41  5:48  Barracks Reactor  
  41  5:49  SCV  
  43  5:51  Barracks Reactor x2  
  43  5:58  Supply Depot  
  43  6:01  Marine, SCV  
  45  6:09  SCV  
  46  6:12  Marine  
  46  6:14  SCV  
  46  6:16  Refinery  
  48  6:19  Marine  
  48  6:25  Marine x2  
  51  6:26  SCV  
  51  6:29  Command Center  
  51  6:30  Marine, Factory Tech Lab  
  53  6:37  Engineering Bay, SCV  
  53  6:38  Engineering Bay  
  54  6:40  SCV  
  54  6:43  Medivac  
  54  6:45  Medivac  
  59  6:49  SCV  
  59  6:53  SCV  
  61  6:54  Marine x3  
  61  6:57  Siege Tank  
  67  7:03  Supply Depot  
  67  7:07  Marine x3  
  67  7:08  Combat Shields  
  70  7:24  Marine x2, SCV  
  70  7:27  Terran Infantry Weapons Level 1, Marine  
  70  7:28  Marine x4  
  78  7:33  Refinery, Supply Depot, Terran Infantry Armor Level 1  
  78  7:41  SCV x2  
  78  7:43  Supply Depot  
  80  7:46  Supply Depot  
  80  7:47  Siege Tank  
  80  7:50  Marine x2  
  85  7:56  Marine x3  
  86  7:59  Marine x2  
  86  8:02  Marine  
  75  8:08  Marine x2  
  69  8:14  Marine x3  
  69  8:17  Marine x2  
  58  8:20  Marine  
  58  8:26  Marine x2  
  49  8:31  Marine  
  49  8:32  Marine  
  50  8:34  SCV x2  
  51  8:43  Marine  
  51  8:44  Marine  
  51  8:46  SCV  
  54  8:52  Orbital Command  
  54  8:57  Marine  
  54  8:58  Marine x2  
  54  9:00  SCV x2  
  59  9:08  Siege Tank  
  62  9:12  SCV x2  
  64  9:17  Marine x3  
  64  9:18  SCV, Medivac  
  64  9:22  Marine x3  
  74  9:24  SCV  
  74  9:32  Marine x2  
  74  9:34  SCV  
  74  9:35  Orbital Command, Marine x2  
  79  9:38  SCV  
  79  9:43  Marine x2  
  79  9:45  Siege Tank  
  85  9:46  SCV, Medivac  
  85  9:47  Marine x2  
  85  9:50  SCV  
  85  9:52  Supply Depot  
  91  9:53  Marine x2  
  91  9:58  SCV  
  94  10:01  Marine x4  
  94  10:04  Marine, SCV  
  94  10:06  SCV  
  101  10:10  Marine  
  101  10:11  Marine  
  101  10:12  Marine  
  100  10:16  SCV  
  100  10:17  SCV  
  100  10:18  SCV  
  100  10:19  Marine x2  
  100  10:31  Marine, Medivac  
  100  10:32  Marine x4  
  100  10:33  Siege Tank  
  85  10:37  Marine x3  
  85  10:49  Marine  
  86  10:50  Marine x4  
  86  10:54  Marine  
  86  10:55  Marine x2  
  94  10:57  SCV  
  94  10:58  SCV  
  94  10:59  SCV  
  94  11:03  Medivac  
  98  11:07  Marine  
  98  11:08  Marine x4  
  98  11:09  Siege Tank  
  106  11:12  Supply Depot  
  106  11:13  SCV  
  107  11:19  Marine  
  107  11:20  Marine x2  
  110  11:25  Marine x2  
  110  11:26  Marine  
Show
View Real Time Build Order
Export as new Build Order

MonkeySpazy Zerg - Winner!

Build Orders: Hatch First 

Get SALT Encoding   

  12  0:00  Drone  
  13  0:12  Overlord  
  13  0:17  Drone  
  14  0:30  Drone  
  14  0:31  Drone  
  16  0:50  Hatchery  
  16  0:53  Drone  
  16  1:06  Spawning Pool  
  16  1:08  Extractor  
  14  1:11  Drone  
  14  1:15  Drone  
  16  1:18  Drone  
  16  1:23  Drone  
  18  1:33  Drone  
  19  1:44  Overlord  
  19  1:52  Queen  
  21  1:55  Zergling x2  
  22  2:03  Queen  
  24  2:10  Roach Warren  
  24  2:11  Drone  
  24  2:16  Drone  
  24  2:21  Overlord  
  25  2:35  Drone  
  25  2:49  Roach x4  
  25  2:50  Roach  
  35  3:02  Drone x3  
  35  3:03  Drone  
  39  3:07  Overlord  
  39  3:20  Drone x4  
  43  3:31  Overlord  
  43  3:35  Zergling x6  
  43  3:38  Ravager x2  
  48  3:41  Queen  
  48  3:43  Ravager  
  48  3:44  Zergling x2  
  51  3:59  Drone x4  
  51  4:02  Drone  
  56  4:13  Drone  
  56  4:15  Drone x2, Overlord  
  59  4:22  Overlord  
  59  4:35  Hatchery  
  47  4:38  Extractor  
  47  4:39  Roach x5  
  47  4:40  Extractor  
  47  4:44  Evolution Chamber  
  52  4:50  Roach x2, Zergling x4  
  52  4:51  Zergling x4  
  60  4:58  Drone x2  
  62  5:03  Drone  
  62  5:06  Roach  
  65  5:11  Drone  
  65  5:12  Zerg Missile Weapons Level 1  
  66  5:20  Drone x6  
  66  5:28  Drone  
  66  5:29  Drone  
  66  5:33  Lair  
  65  5:35  Drone  
  65  5:41  Extractor  
  64  5:46  Drone x4  
  64  5:47  Drone x2  
  70  5:50  Drone  
  70  5:53  Queen  
  71  6:05  Overlord x2  
  71  6:06  Overlord  
  71  6:11  Overlord x2  
  70  6:12  Roach x3  
  70  6:18  Spore Crawler  
  75  6:20  Overlord x2  
  76  6:25  Drone  
  76  6:26  Roach x3  
  76  6:30  Glial Reconstitution  
  82  6:33  Roach x2  
  82  6:35  Metabolic Boost  
  86  6:46  Roach x3  
  96  6:47  Roach x2  
  96  6:50  Roach  
  98  6:55  Overlord  
  98  6:56  Roach  
  98  6:58  Roach  
  98  6:59  Roach x2  
  98  7:00  Zergling x2  
  107  7:06  Ravager x3  
  107  7:07  Ravager  
  111  7:08  Zergling x2  
  111  7:09  Zergling x8  
  111  7:13  Roach, Zergling x2  
  119  7:23  Roach x3  
  119  7:24  Roach  
  126  7:34  Zergling x2  
  126  7:35  Zergling x16  
  135  7:42  Ravager x2  
  135  7:43  Ravager  
  138  7:44  Overlord x2  
  112  8:08  Roach x4  
  105  8:16  Roach x3, Zergling x4  
  99  8:20  Drone x2, Hydralisk Den  
  99  8:21  Drone x2  
  99  8:22  Drone  
  99  8:23  Drone  
  94  8:33  Roach x4  
  94  8:36  Drone x2  
  94  8:38  Extractor  
  94  8:39  Extractor  
  89  8:48  Drone x3  
  89  8:49  Drone x4  
  89  8:51  Hatchery  
  89  8:52  Hydralisk x2  
  89  8:53  Grooved Spines  
  89  8:54  Hydralisk  
  100  8:57  Hydralisk x2  
  102  9:06  Hydralisk  
  102  9:07  Hydralisk x3  
  108  9:13  Drone x2  
  110  9:17  Hydralisk x2  
  110  9:20  Drone x3  
  117  9:26  Roach x3  
  123  9:33  Drone x3  
  123  9:38  Hydralisk x3  
  128  9:42  Ravager x4  
  128  9:44  Overlord  
  128  9:45  Drone  
  137  9:46  Drone x2  
  137  9:49  Drone  
  137  9:50  Drone  
  141  9:55  Drone  
  141  9:56  Drone x4  
  141  9:57  Hydralisk  
  146  10:00  Hydralisk  
  146  10:02  Hydralisk  
  150  10:15  Roach x4  
  154  10:22  Roach x3  
  154  10:24  Hydralisk x2  
  154  10:25  Hydralisk x2  
  136  10:37  Roach x2  
  136  10:38  Roach x7  
  136  10:39  Roach  
  156  10:46  Infestation Pit  
  156  10:48  Queen  
  157  10:50  Drone x2, Extractor  
  157  10:51  Roach x4, Extractor  
  165  10:57  Overlord x2  
  165  11:03  Overlord  
  165  11:08  Ravager x3  
  168  11:19  Hydralisk  
  168  11:20  Hatchery, Hydralisk x5  
Tags
 
Add a new tag
Caveats
  • Supply blocks, unpowered buildings, or Contaminate may cause inaccurate times.
  • Supply counts are checked every 10 seconds.